 Dungeon Crawl Stone Soup version 0.27-a0-988-g25969acef8 (webtiles) character file.

Game seed: 7950876365605325423

1567 karrick the Magician (level 8, -6/55 HPs)
             Began as a Djinni Fire Elementalist on Apr 15, 2021.
             Was a Follower of Okawaru.
             Mangled by a black bear (12 damage)
             ... on level 5 of the Dungeon.
             The game lasted 00:15:42 (4030 turns).

karrick the Magician (Djinni Fire Elementalist)     Turns: 4030, Time: 00:15:42

Health: -6/55      AC:  4    Str:  9    XL:     8   Next: 90%
Gold:   194        EV: 14    Int: 17    God:    Okawaru [*.....] SH:  0 Dex: 20

rFire    + + .     SeeInvis .   h - +0 dagger (protect)
rCold    x . .     Faith    .   (no shield)
rNeg     + . .     Spirit   .   a - +1 robe
rPois    ∞         Reflect  .   (no helmet)
rElec    .         Harm     .   z - +0 cloak
rCorr    .         Rampage  .   (no gloves)
Will     .....                  (boots unavailable)
Stlth    +++.......             k - amulet of regeneration
HPRegen  1.18/turn              j - ring of positive energy
MPRegen  0.00/turn              s - +6 ring of dexterity

@: flying
A: fire resistance 2, cold vulnerability 1, float, innate caster, hp casting,
extra vitality 1
a: Renounce Religion, Heroism


You were on level 5 of the Dungeon.
You worshipped Okawaru.
Okawaru was aware of your devotion.
You visited 1 branch of the dungeon, and saw 5 of its levels.
You also visited: Sewer.

You collected 194 gold pieces.

Inventory:

Hand Weapons
 h - a +0 dagger of protection (weapon)
 n - a +2 short sword of venom
 y - a +3 quarterstaff of chaos
Missiles
 e - 111 stones
 p - a curare-tipped dart
Armour
 a - a +1 robe (worn)
 z - a +0 cloak (worn)
Magical Staves
 r - a staff of earth
Jewellery
 j - a ring of positive energy (left hand)
 k - an amulet of regeneration (around neck)
 s - a +6 ring of dexterity (right hand)
Wands
 x - a wand of flame (13)
Scrolls
 c - a scroll of identify
 d - a scroll of enchant armour
 g - a scroll of noise
 l - 2 scrolls of teleportation {unknown}
 u - a scroll of immolation {unknown}
 v - a scroll of magic mapping {unknown}
Potions
 b - a potion of flight {unknown}
 f - a potion of curing {unknown}
 i - 2 potions of brilliance {unknown}
 m - a potion of might {unknown}
 o - a potion of magic {unknown}
 q - a potion of haste {unknown}
 t - a potion of ambrosia {unknown}
 w - a potion of attraction {unknown}


   Skills:
 + Level 2.5 Fighting
 + Level 1.8 Short Blades
 + Level 3.8 Dodging
 + Level 4.0 Stealth
 + Level 7.9 Spellcasting


You couldn't memorise any spells.
You knew the following spells:

 Your Spells              Type           Power      Damage    Failure   Level
a - Foxfire               Conj/Fire      100%       2x1d9     1%          1
b - Conjure Flame         Conj/Fire      33%        6-21      1%          3
c - Inner Flame           Hex/Fire       33%        N/A       1%          3
d - Sticky Flame          Conj/Fire      33%        2d5       4%          4
e - Fireball              Conj/Fire      16%        3d8       11%         5
f - Sandblast             Erth           66%        2d15      1%          1
g - Poisonous Vapours     Pois/Air       66%        N/A       1%          2
h - Spider Form           Tmut/Pois      16%        N/A       1%          3
Your spell library was empty.

Dungeon Overview and Level Annotations

Branches:
Dungeon (5/15)             Temple (0/1) D:4           Sewer (visited)

Altars:
Cheibriados
Fedhas
Kikubaaqudgha
Makhleb
Nemelex Xobeh
Okawaru
Ru
Sif Muna
Trog
Uskayaw
Vehumet
Zin
The Shining One

Annotations:
D:2 Sigmund


Innate Abilities, Weirdness & Mutations

You are immune to poison.
Your flesh is very heat resistant. (rF++)
You are vulnerable to cold. (rC-)
You float through the air rather than walking.
You learn spells naturally, not from books.
Your magical power is your life essence.
You have superior vitality. (+4 HP)


Message History

The black bear is severely wounded.
A necrophage comes into view.
The black bear completely misses you. The black bear claws you.
The black bear misses you.
The foxfire hits the black bear.
The black bear is almost dead.
The black bear goes berserk!
Casting: Foxfire (safe; 1% risk of failure)
Confirm with . or Enter, or press ? or * to list all spells.
You conjure some foxfire!
The foxfire hits the black bear but does no damage.
The black bear is almost dead.
An orc comes into view. It is wielding a +0 dagger.
The foxfire hits the black bear.
The black bear is almost dead.
The orc shouts!
Casting: Foxfire (safe; 1% risk of failure)
Confirm with . or Enter, or press ? or * to list all spells.
You conjure some foxfire!
You hear a shout!
The black bear closely misses you. The black bear claws you.
The black bear completely misses you. The black bear misses you.
The black bear barely misses you. The black bear completely misses you.
Your foxfire dissipates!
An orc comes into view. It is wielding a +0 mace.
An orc comes into view. It is wielding a +0 war axe.
The foxfire hits the orc!
You kill the orc!
Okawaru accepts your kill. The necrophage barely misses you.
The black bear bites you. The black bear barely misses you.
The black bear claws you.
You barely miss the necrophage. The necrophage hits you!
* * * LOW HITPOINT WARNING * * *
The black bear bites you.
* * * LOW HITPOINT WARNING * * *
The black bear completely misses you. The black bear misses you.
The necrophage hits you!
* * * LOW HITPOINT WARNING * * *
The black bear bites you!
You die...

...........#..#.###
...##....#........##
...
#..............####
........##.........#
#..###.#.....#.....#
... #...#...)#....#
....#.).†##.###
###..#.##n#..##
#......@h.†..#
#......o....##
.........).##
.....8o8..##
......<...#
.....8.8..#
..........#
.......(..#


You could see a black bear (berserk), a necrophage and 2 orcs.

Vanquished Creatures
  An ice beast (D:5)
  A black bear (D:4)
  A centaur (D:5)
  A phantom (D:5)
  An ogre (D:4)
  8 kobold brigands (Sewer)
  A scorpion (D:4)
  A water moccasin skeleton (D:4)
  A hound (D:4)
  2 orc priests (D:4)
  Crazy Yiuf (D:4)
  2 iguanas
  3 orc wizards
  8 adders
  3 river rats
  An adder skeleton (D:4)
  4 worms
  A dart slug (D:2)
  17 orcs
  9 ball pythons
  11 endoplasms
  2 giant cockroaches
  6 goblins
  8 hobgoblins
  6 jackals (D:3)
  5 quokkas
  5 bats
  5 frilled lizards
  15 kobolds
  9 rats
139 creatures vanquished.

Vanquished Creatures (others)
  457 foxfires
457 creatures vanquished.

Grand Total: 596 creatures vanquished

Notes
Turn   | Place    | Note
-------+----------+-------------------------------------------
     0 | D:1      | karrick the Djinni Fire Elementalist began the quest for
                  | the Orb.
     0 | D:1      | Reached XP level 1. HP: 15/15 MP: 0/0
     6 | D:1      | You are sucked into a shaft and drop 1 floor!
   172 | D:2      | Reached skill level 3 in Spellcasting
   215 | D:2      | Reached XP level 2. HP: 20/21 MP: 0/0
   507 | D:2      | Reached XP level 3. HP: 23/25 MP: 0/0
   507 | D:2      | Learned a level 1 spell: Sandblast
   626 | D:2      | Noticed Sigmund
  1155 | D:1      | Found a faded altar of an unknown god.
  1626 | D:1      | Reached XP level 4. HP: 28/31 MP: 0/0
  2100 | D:3      | Reached skill level 4 in Spellcasting
  2103 | D:3      | Found a glowing drain.
  2115 | Sewer    | Entered a sewer
  2230 | Sewer    | Noticed a kobold brigand
  2241 | Sewer    | Killed a kobold brigand
  2242 | Sewer    | Reached XP level 5. HP: 36/36 MP: 0/0
  2242 | Sewer    | Learned a level 2 spell: Poisonous Vapours
  2263 | Sewer    | Noticed a kobold brigand
  2276 | Sewer    | Killed a kobold brigand
  2277 | Sewer    | Reached XP level 6. HP: 41/41 MP: 0/0
  2330 | Sewer    | Reached skill level 5 in Spellcasting
  2440 | Sewer    | Reached skill level 1 in Short Blades
  2440 | Sewer    | Reached XP level 7. HP: 46/46 MP: 0/0
  2440 | Sewer    | Learned a level 3 spell: Spider Form
  2481 | Sewer    | Reached skill level 1 in Fighting
  2631 | Sewer    | Reached skill level 6 in Spellcasting
  3236 | D:4      | Reached XP level 8. HP: 52/52 MP: 0/0
  3374 | D:4      | Reached skill level 7 in Spellcasting
  3462 | D:4      | Found a snail-covered altar of Cheibriados.
  3462 | D:4      | Found an iron altar of Okawaru.
  3468 | D:4      | Found a blossoming altar of Fedhas.
  3469 | D:4      | Found a hide-covered altar of Uskayaw.
  3469 | D:4      | Found a burning altar of Makhleb.
  3469 | D:4      | Found a glowing golden altar of the Shining One.
  3469 | D:4      | Found a sparkling altar of Nemelex Xobeh.
  3470 | D:4      | Found a glowing silver altar of Zin.
  3476 | D:4      | Found a sacrificial altar of Ru.
  3484 | D:4      | Became a worshipper of Warmaster Okawaru
  3491 | D:4      | Found a bloodstained altar of Trog.
  3648 | D:4      | Found a staircase to the Ecumenical Temple.
  3736 | D:4      | Found a runed translucent door.
  3737 | D:4      | Noticed Crazy Yiuf
  3750 | D:4      | Killed Crazy Yiuf
  3866 | D:5      | Entered Level 5 of the Dungeon
  4015 | D:5      | Reached * piety under Okawaru
  4030 | D:5      | Mangled by a black bear

Illustrated notes

Levels and vault maps discovered:
D:1:      dpeg_arrival_solitude, layout_rooms,
          hellmonk_ecumenical_altar_heavens_door, minmay_hexomino_f4
D:2:      layout_rooms, serial_bayou_pond_e, lexackson_kobold_supper,
          uniq_sigmund
D:3:      layout_loops_ring, cheibrodos_sewer_entry_sluice, minmay_box_of_dots
D:4:      layout_rooms, minitemple, minmay_temple_entry_junction,
          uniq_crazy_yiuf_cottage
D:5:      layout_cave_pools, grunt_ministairs_12, nrook_campfire, st_stairs_14

Skill      XL: |  1  2  3  4  5  6  7  8 |
---------------+-------------------------+-----
Spellcasting   | 3 4 5 6 7 |  7.9
Stealth        | 2 3 4 |  4.0
Dodging        | 3 |  3.8
Short Blades   | 1 |  1.8
Fighting       | 1 2 |  2.5

Action                   |  1- 3 |  4- 6 |  7- 9 || total
-------------------------+-------+-------+-------++-------
Melee: Dagger            |    15 |     8 |    32 ||    55
 Cast: Foxfire           |    62 |    54 |   189 ||   305
  Use: Scroll            |       |     2 |       ||     2
 Stab: Sleeping          |       |       |     2 ||     2
Armor: Robe              |     4 |     3 |    11 ||    18
Dodge: Dodged            |    12 |     7 |    67 ||    86

Table legend: (Time is in decaauts)
 A = Elapsed time spent in this place.
 B = Non-inter-level travel time spent in this place.
 C = Inter-level travel time spent in this place.
 D = Time resting spent in this place.
 E = Time spent auto-exploring this place.
 F = Levels seen in this place.
 G = Mean time per level.
                   A        B        C        D        E       F      G
               +--------+--------+--------+--------+--------+-----+--------+
         Total |   4014 |   3906 |    108 |      0 |   2768 |   6 |  669.0 |
       Dungeon |   3390 |   3282 |    108 |      0 |   2400 |   5 |  678.0 |
         Sewer |    624 |    624 |      0 |      0 |    368 |   1 |  624.0 |
               +--------+--------+--------+--------+--------+-----+--------+

Top non-repeatable levels by time:
     D:1: 1207 daAuts
     D:3: 731 daAuts
     D:4: 652 daAuts
     D:2: 652 daAuts
   Sewer: 624 daAuts
     D:5: 146 daAuts
